AoeStats
← OxO

MegaRandom

507076326Analyzed
3v3 RM · 15d ago on Sep 16, 2026· 65m 10s· 6 players
Game mode
Random Map
Map size
Normal (6 player)
Population
200
Speed
Normal
Resources
Standard
Victory
Conquest
Starting age
Dark Age
Ending age
Imperial Age
RankedLock teamsTeams togetherTeam positionsShared explorationLock speedFull tech treeHidden civsTurbo modeCheats
Victory
Defeat
🇧🇪 Portuguese · Belgium
670
+14
🇩🇪 Slavs · Germany
659
+15
🇨🇳 Goths · China
640
+16
🇬🇧 Georgians · United Kingdom
651
-16
🇳🇴 Goths · Norway
631
-15
🇩🇪 Franks · Germany
616
-14
Nova_Kovic
12:47 Feudal Age
13:32 Double-Bit Axe
13:31 Horse Collar
13:59 Loom
17:26 Stone Mining
17:31 Gold Mining
21:21 Castle Age
20:21 Fletching
20:37 Scale Barding Armor
20:42 Forging
23:00 Bow Saw
25:40 Stone Shaft Mining
25:11 Heavy Plow
26:36 Wheelbarrow
28:40 Bodkin Arrow
29:05 Chain Barding Armor
29:21 Iron Casting
28:47 Scale Mail Armor
28:49 Padded Archer Armor
30:09 Bloodlines
30:04 Husbandry
30:24 Treadmill Crane
30:55 Fortified Wall
31:06 Ballistics
30:38 Guard Tower
31:00 Masonry
30:41 Pikeman
33:33 Squires
33:57 Chain Mail Armor
38:31 Svan Towers
39:28 Leather Archer Armor
41:41 Hand Cart
46:40 Imperial Age
47:57 Cavalier
48:02 Light Cavalry
49:30 Heavy Scorpion
50:07 Arrowslits
50:58 Keep
50:56 Architecture
51:29 Chemistry
51:37 Hussar
52:59 Elite Skirmisher
56:48 Halberdier
57:42 Town Watch
58:22 Conscription
58:09 Aznauri Cavalry
57:53 Arson
65:29 Blast Furnace
65:05 Plate Barding Armor
hocking
0:30 Loom
12:43 Feudal Age
14:01 Double-Bit Axe
14:02 Horse Collar
17:47 Wheelbarrow
18:39 Gold Mining
18:39 Stone Mining
19:16 Bloodlines
19:13 Man-at-Arms
24:29 Castle Age
24:43 Light Cavalry
25:44 Husbandry
26:04 Heavy Plow
26:35 Crossbowman
28:39 Fletching
28:56 Scale Barding Armor
29:02 Forging
28:54 Padded Archer Armor
31:43 Hand Cart
32:54 Stone Shaft Mining
36:21 Caravan
39:07 Imperial Age
36:46 Murder Holes
37:45 Pikeman
38:26 Squires
39:21 Elite Skirmisher
internet-shop24
10:18 Loom
12:25 Feudal Age
12:59 Double-Bit Axe
21:42 Castle Age
21:16 Stone Mining
23:01 Wheelbarrow
22:41 Bow Saw
29:05 Caravan
31:46 Hand Cart
31:17 Town Watch
38:06 Husbandry
40:46 Imperial Age
41:11 #83
41:40 Gold Mining
42:23 Coinage
43:24 Gold Shaft Mining
43:57 Town Patrol
45:04 Hoardings
45:47 Conscription
45:08 Light Cavalry
46:03 Forging
45:54 Scale Mail Armor
48:33 Siphons
48:39 Scale Barding Armor
48:35 Padded Archer Armor
OxO
14:32 Feudal Age
19:30 Castle Age
26:24 Man-at-Arms
29:04 Double-Bit Axe
32:36 Imperial Age
31:09 Elite Skirmisher
31:59 Pikeman
34:26 Conscription
34:34 Halberdier
45:57 Wheelbarrow
45:56 Elite Organ Gun
46:52 Arquebus
50:03 Long Swordsman
50:28 Gambesons
51:13 Two-Handed Swordsman
57:08 Champion
Walls vs Zombies 2009
0:31 Loom
13:16 Feudal Age
14:38 Double-Bit Axe
15:47 Fishing Lines
18:29 Castle Age
17:04 Gold Mining
17:55 Horse Collar
20:02 Bow Saw
20:43 Wheelbarrow
24:07 Heavy Plow
24:42 Gold Shaft Mining
23:58 Stone Mining
24:57 Hand Cart
24:27 Town Watch
31:28 Imperial Age
29:22 Scale Barding Armor
29:27 Forging
30:46 Chain Barding Armor
31:55 Iron Casting
31:59 Onager
33:13 Conscription
33:30 Plate Barding Armor
33:55 Blast Furnace
33:57 Chemistry
33:34 Husbandry
33:46 Bloodlines
35:13 Two-Man Saw
34:22 Fletching
34:00 Cavalier
35:05 Detinets
34:48 Pikeman
34:55 Elite Boyar
36:13 Hoardings
36:30 Crop Rotation
36:00 Bodkin Arrow
36:06 Padded Archer Armor
36:44 Siege Engineers
36:04 Halberdier
36:45 Squires
37:25 Coinage
37:48 Light Cavalry
39:04 Banking
39:08 Ballistics
39:32 Leather Archer Armor
39:18 Scale Mail Armor
40:29 Masonry
40:45 Hussar
41:46 Chain Mail Armor
41:46 Siege Onager
45:07 Plate Mail Armor
45:07 Ring Archer Armor
45:44 Capped Ram
54:30 Siege Ram
61:28 Heavy Scorpion
湛叔
1:53 Loom
15:08 Feudal Age
17:33 Wheelbarrow
16:45 Horse Collar
16:54 Double-Bit Axe
17:01 Gold Mining
17:01 Stone Mining
28:29 Castle Age
28:26 Scale Mail Armor
28:36 Forging
28:16 Fletching
28:27 Padded Archer Armor
28:32 Scale Barding Armor
32:13 Iron Casting
31:53 Chain Mail Armor
31:59 Chain Barding Armor
31:54 Leather Archer Armor
31:35 Bodkin Arrow
32:45 Man-at-Arms
32:46 Pikeman
33:26 Squires
33:46 Long Swordsman
40:35 Hand Cart
40:24 Heavy Plow
40:38 Bow Saw
41:16 Stone Shaft Mining
46:39 Imperial Age
46:25 Anarchy
47:22 Capped Ram
47:25 Two-Handed Swordsman
48:49 Conscription
48:00 Sappers
53:11 Blast Furnace
52:12 Bracer
52:43 Ring Archer Armor
53:05 Champion
55:24 Elite Huskarl
59:02 Halberdier
64:02 Perfusion
Connection lost

Rejoining the realm…

Still unreachable

The connection could not be restored.

Session expired

The server has moved on; the page needs a fresh start.